 Dungeon Crawl Stone Soup version 0.31-a0-1388-g4b2ba238e7 (webtiles) character file.

Game seed: 11785552857996108049

236 wildpjah the Slasher (level 5, 0/39 HPs)
             Began as a Demonspawn Gladiator on Dec 24, 2023.
             Was a Follower of Sif Muna.
             Slain by a gnoll
             ... wielding a +0 spear
              (3 damage)
             ... on level 3 of the Dungeon.
             The game lasted 00:05:27 (2043 turns).

wildpjah the Slasher (Demonspawn Gladiator)         Turns: 2043, Time: 00:05:28

Health: 0/39       AC: 10    Str: 15    XL:     5   Next: 77%
Magic:  5/5        EV: 12    Int:  8    God:    Sif Muna [*.....]
Gold:   80         SH:  5    Dex: 16    Spells: 3/4 levels left

rFire   . . .        y - staff of alchemy
rCold   . . .        h - +0 buckler
rNeg    . . .        b - +0 leather armour
rPois   +            (helmet restricted)
rElec   .            (no cloak)
rCorr   .            (no gloves)
SInv    .            (no boots)
Will    +....        (no amulet)
Stlth   +            x - ring of willpower
HPRegen 0.26/turn    A - +4 ring of protection
MPRegen 0.18/turn

%: no passive effects
@: no status effects
A: antennae 1, molten scales 2, magic regeneration
a: Renounce Religion, Channel Magic


You were on level 3 of the Dungeon.
You worshipped Sif Muna.
Sif Muna was aware of your devotion.
You visited 1 branch of the dungeon, and saw 3 of its levels.

You collected 80 gold pieces.

Inventory:

Hand Weapons
 a - a +0 long sword
 l - a +3 dagger
Missiles
 d - 3 throwing nets
 r - a javelin
Armour
 b - a +0 leather armour (worn)
 c - a +0 helmet
 h - a +0 buckler (worn)
 i - a +1 ring mail of positive energy
 j - a +0 scale mail
 m - the +1 ring mail "Gerphump" {Harm Stlth+}
   (You found it on level 2 of the Dungeon)

   Harm:      It increases damage dealt and taken.
   Stlth+:    It makes you more stealthy.
Magical Staves
 y - a staff of alchemy (weapon)
Jewellery
 x - a ring of willpower (left hand)
 A - a +4 ring of protection (right hand)
Wands
 e - a wand of flame (24)
 u - a wand of digging (9)
Scrolls
 g - a scroll of poison
 k - 6 scrolls of enchant armour {unknown}
 o - 2 scrolls of teleportation
 q - a scroll of identify
 s - a scroll of silence {unknown}
 t - a scroll of immolation {unknown}
 v - a scroll of revelation
 w - a scroll of blinking {unknown}
Potions
 f - 3 potions of curing {unknown}
 n - a potion of cancellation {unknown}
 p - a potion of attraction {unknown}
 z - a potion of resistance {unknown}


   Skills:
 + Level 2.7 Fighting
 + Level 4.1 Long Blades
 + Level 1.8 Throwing
 + Level 1.7 Armour
 + Level 3.3 Dodging
 + Level 0.1 Stealth
 + Level 2.0 Shields


You had 3 spell levels left.
You knew the following spells:

 Your Spells              Type           Power      Damage    Failure   Level
a - Sting                 Conj/Alch      0%         1d3       58%         1

Your spell library contained the following spells:

 Spells                   Type           Power      Damage    Failure   Level
 Mercury Vapours          Alch/Air       0%         N/A       73%         2
 Olgreb's Toxic Radiance  Alch           0%         N/A       100%        4


Dungeon Overview and Level Annotations

Branches:
Dungeon (3/15)

Altars:
Sif Muna


Innate Abilities, Weirdness & Mutations

You have a pair of small antennae on your head.
You are mostly covered in molten scales. (AC +3)
You regenerate magic rapidly.


Message History

You block the gnoll's attack. The gnoll hits you but does no damage.
You hit the gnoll but do no damage.
The gnoll is almost dead.
The gnoll hits you but does no damage.
The gnoll hits you from afar with a +0 spear.
* * * LOW HITPOINT WARNING * * *
You barely miss the gnoll.
The gnoll is almost dead.
You block the gnoll's attack. The gnoll barely misses you.
You barely miss the gnoll.
The gnoll is severely wounded.
The gnoll hits you but does no damage. The gnoll closely misses you. x2
You block the gnoll's attack.
You barely miss the gnoll.
The gnoll is severely wounded.
The gnoll closely misses you. The gnoll hits you but does no damage.
You barely miss the gnoll.
The gnoll is severely wounded.
The gnoll misses you. The gnoll closely misses you.
You hit the gnoll.
The gnoll is almost dead.
The gnoll barely misses you. You block the gnoll's attack.
You closely miss the gnoll.
The gnoll is almost dead.
The gnoll hits you but does no damage. The gnoll closely misses you.
The gnoll hits you from afar with a +0 spear.
* * * LOW HITPOINT WARNING * * *
You block the gnoll's attack.
You hit the gnoll.
You kill the gnoll!
Sif Muna accepts your kill. The gnoll hits you but does no damage.
Your Shields skill increases to level 2!
The gnoll hits you but does no damage.
You see here a +0 club.
The gnoll hits you from afar with a +0 spear.
* * * LOW HITPOINT WARNING * * *
The gnoll attacks as it pursues you!
The gnoll hits you from afar with a +0 spear.
You die...

#........#.#
#........#.#
#........#.#
##########.#
####'######
#######...........
#........†......##
#...............#
#........@........
#.................
#........g######.S
#.........## ..
##.######g.####..
#.#.........gr..
#)#.....#####S..
#.#..8.## 8
#.....##


You could see 2 gnolls.

Vanquished Creatures
  Jessica (D:2)
  Natasha (thrice) (D:2)
  A gnoll (D:3)
  8 adders
  A dart slug (D:2)
  6 ball pythons
  11 endoplasms
  A giant cockroach (D:1)
  2 hobgoblins
  3 quokkas
  4 bats (D:1)
  4 frilled lizards
  2 goblins
  7 kobolds
  4 rats
58 creatures vanquished.

Notes
Turn   | Place    | Note
-------+----------+-------------------------------------------
     0 | D:1      | wildpjah the Demonspawn Gladiator began the quest for the
                  | Orb.
     0 | D:1      | Reached XP level 1. HP: 16/16 MP: 1/1
   257 | D:1      | Gained mutation: You are partially covered in molten
                  | scales. (AC +2) [demonic ancestry]
   257 | D:1      | Reached XP level 2. HP: 16/22 MP: 2/2
   372 | D:1      | Reached skill level 3 in Long Blades
   774 | D:2      | Gained mutation: You regenerate magic rapidly. [demonic
                  | ancestry]
   774 | D:2      | Reached XP level 3. HP: 26/27 MP: 3/3
   786 | D:2      | Noticed Natasha
   787 | D:2      | Identified the +1 ring mail "Gerphump" {Harm Stlth+}
   806 | D:2      | Killed Natasha
   807 | D:2      | Reached skill level 1 in Armour
   906 | D:2      | Noticed Natasha
   919 | D:2      | Killed Natasha
   920 | D:2      | Gained mutation: You are mostly covered in molten scales.
                  | (AC +3) [demonic ancestry]
   920 | D:2      | Reached XP level 4. HP: 23/34 MP: 4/4
   962 | D:2      | Noticed Natasha
   973 | D:2      | Killed Natasha
  1244 | D:2      | Gained mutation: You have a pair of small antennae on your
                  | head. [demonic ancestry]
  1244 | D:2      | Reached XP level 5. HP: 39/39 MP: 5/5
  1261 | D:2      | Reached skill level 4 in Long Blades
  1474 | D:2      | Noticed Jessica
  1480 | D:2      | Killed Jessica
  1481 | D:2      | Reached skill level 1 in Shields
  1596 | D:2      | Found a faded altar of an unknown god.
  1599 | D:2      | Prayed at the altar of an unknown god.
  1599 | D:2      | Became a worshipper of Sif Muna the Loreminder
  1599 | D:2      | Reached * piety under Sif Muna
  1895 | D:3      | Learned a level 1 spell: Sting
  2043 | D:3      | Slain by a gnoll

Illustrated notes

Levels and vault maps discovered:
D:1:      sevenhm_arrival_forest_fort_small_4, layout_loops_ring
D:2:      minmay_chambers_of_ones, layout_loops_ring,
          hellmonk_ecumenical_altar_inner_sanctum, minmay_pentomino_r4,
          uniq_natasha, uniq_jessica
D:3:      layout_basic, nicolae_overflow_ecumenical_swirl,
          minmay_misc_feat_encased, uniq_ijyb, uniq_robin

Skill      XL: |  1  2  3  4  5 |
---------------+----------------+-----
Long Blades    | 3 4 |  4.1
Armour         | 1 |  1.7
Dodging        | 3 |  3.3
Shields        | 2 |  2.0
Fighting       | |  2.7
Throwing       | |  1.8
Stealth        | |  0.1

Action                     |  1- 3 |  4- 6 || total
---------------------------+-------+-------++-------
  Melee: Long sword        |   121 |    89 ||   210
         Staff             |       |    32 ||    32
  Throw: Javelin           |       |     1 ||     1
   Cast: Sting             |       |     3 ||     3
    Use: Scroll            |     3 |       ||     3
 Armour: Leather armour    |    15 |    33 ||    48
         Scale mail        |    43 |       ||    43
         Ring mail         |    35 |    51 ||    86
  Dodge: Dodged            |    73 |    71 ||   144
  Block: Buckler           |    34 |    41 ||    75

Table legend: (Time is in decaauts)
 A = Elapsed time spent in this place.
 B = Non-inter-level travel time spent in this place.
 C = Inter-level travel time spent in this place.
 D = Time resting spent in this place.
 E = Time spent auto-exploring this place.
 F = Levels seen in this place.
 G = Mean time per level.
                   A        B        C        D        E       F      G
               +--------+--------+--------+--------+--------+-----+--------+
         Total |   2117 |   2040 |     77 |      0 |   1451 |   3 |  705.7 |
       Dungeon |   2117 |   2040 |     77 |      0 |   1451 |   3 |  705.7 |
               +--------+--------+--------+--------+--------+-----+--------+

Top non-repeatable levels by time:
     D:2: 1128 daAuts
     D:1: 794 daAuts
     D:3: 195 daAuts
